 Dungeon Crawl Stone Soup version 0.21-a0-110-g8e1637b (webtiles) character file.

525050 wazuzu the Brawler (level 24, -4/199 (201) HPs)
             Began as a Demonspawn Monk on June 30, 2017.
             Was the Champion of Kikubaaqudgha.
             Slain by an emperor scorpion (7 damage)
             ... summoned by a greater mummy
             ... on level 2 of the Tomb of the Ancients on July 9, 2017.
             The game lasted 04:35:32 (65924 turns).

wazuzu the Brawler (Demonspawn Monk)               Turns: 65924, Time: 04:35:33

HP:   -4/199 (201)  AC: 41    Str: 23    XL:     24   Next: 77%
MP:   34/34         EV: 22    Int: 16    God:    Kikubaaqudgha [******]
Gold: 4081          SH: 17    Dex: 17    Spells: 14/37 levels left

rFire    . . .     SeeInvis +     - Unarmed
rCold    + . .     Gourm    .   X - +2 shield "Ufru" {rElec rPois}
rNeg     + + .     Faith    .   u - +10 pearl dragon scales
rPois    +         Spirit   .   Q - +2 hat {MR+}
rElec    +         Reflect  .   a - +2 cloak of the Thief {+Fog Slay-2 SInv Stlth+}
rCorr    .         Harm     .   (gloves unavailable)
MR       +++++     Clarity  +   J - +1 pair of boots
Stlth    ++++++++..             l - amulet of the Four Winds {rN+ MR+++ Clar}
HPRegen  0.00/turn              O - ring of Plog {rC+ Str+3}
MPRegen  0.24/turn              A - +3 ring of protection

@: lethally poisoned (-4 -> -23), about to teleport, recuperating (expiring),
diseased, slowed, very slow
A: claws 3, rugged brown scales 3, clarity, clever 1, mutation resistance 1,
nightstalker 3, spiny 3, augmentation 1
}: 2/15 runes: decaying, gossamer
a: Receive Corpses, Torment, Renounce Religion, Evoke Fog


You were on level 2 of the Tomb of the Ancients.
You worshipped Kikubaaqudgha.
Kikubaaqudgha was exalted by your worship.
You were not hungry.

You visited 11 branches of the dungeon, and saw 45 of its levels.
You also visited: Trove, Ossuary, Ice Cave, Volcano, Wizlab and Desolation.

You collected 19210 gold pieces.
You spent 3580 gold pieces at shops.
You paid 11549 gold pieces to Gozag.

Inventory:

Hand Weapons
 N - a cursed -1 blowgun
Missiles
 o - 75 poisoned needles
 U - 13 curare-tipped needles
Armour
 a - the +2 cloak of the Thief (worn) {+Fog Slay-2 SInv Stlth+}
   (You bought it in a shop on level 8 of the Dungeon)

   It affects your accuracy and damage with ranged weapons and melee attacks
   (-2).
   It lets you see invisible.
   It makes you more stealthy.
 u - +10 pearl dragon scales (worn)
 J - a +1 pair of boots (worn)
 Q - a +2 hat of magic resistance (worn)
 X - the +2 shield "Ufru" (worn) {rElec rPois}
   (You bought it in a shop on level 5 of the Dungeon)

   It insulates you from electricity.
   It protects you from poison.
Jewellery
 l - the amulet of the Four Winds (around neck) {rN+ MR+++ Clar}
   (You bought it in a shop on level 5 of the Dungeon)

   [amulet of nothing]

   It protects you from negative energy.
   It affects your resistance to hostile enchantments.
   It protects you against confusion.
 A - a +3 ring of protection (right claw)
 O - the ring of Plog (left claw) {rC+ Str+3}
   (You acquired it on level 1 of the Spider Nest)

   [ring of protection from cold]

   It affects your strength (+3).
   It protects you from cold.
 P - the ring "Semer" {rN++ MP+9 Str+4}
   (You found it in the Desolation of Salt)

   [ring of magical power]

   It affects your strength (+4).
   It greatly protects you from negative energy.
   It affects your magic capacity (+9).
 S - an uncursed amulet of the gourmand
Wands
 h - a wand of confusion (29/48)
 w - a wand of clouds (4/9)
 B - a wand of digging (10/24)
 C - a wand of scattershot (0/9)
 H - a wand of acid (8/15)
 T - a wand of paralysis (18/24)
Scrolls
 c - 5 scrolls of teleportation
 j - 10 scrolls of fog
 q - a scroll of enchant armour
 t - 36 scrolls of remove curse
 x - 10 scrolls of magic mapping
 y - a scroll of summoning
 F - 2 scrolls of identify
 K - a scroll of brand weapon
 M - 3 scrolls of fear
Potions
 d - a potion of haste
 f - 6 potions of cancellation
 g - 7 potions of curing
 i - 3 potions of might
 m - 4 potions of invisibility
 n - 7 potions of mutation
 r - 4 potions of resistance
 s - 8 potions of flight
 z - 2 potions of agility
 I - 2 potions of berserk rage
Books
 e - Kikubaaqudgha's Compendium of Dark Arts
   (Kikubaaqudgha gifted it to you on level 1 of the Vaults)

   Spells                             Type                      Level
   a - Pain                           Necromancy                   1
   b - Corpse Rot                     Necromancy                   2
   c - Sublimation of Blood           Necromancy                   2
   d - Vampiric Draining              Necromancy                   3
   e - Control Undead                 Necromancy                   4
 p - a book of Transfigurations

   Spells                             Type                      Level
   a - Irradiate                      Conjuration/Transmutation    5
   b - Statue Form                    Transmutation/Earth          6
   c - Hydra Form                     Transmutation                6
   d - Dragon Form                    Transmutation                7
 E - Kikubaaqudgha's Collected Works on Necromancy
   (Kikubaaqudgha gifted it to you on level 2 of the Vaults)

   Spells                             Type                      Level
   a - Excruciating Wounds            Charms/Necromancy            5
   b - Agony                          Necromancy                   5
   c - Cigotuvi's Embrace             Necromancy                   5
   d - Dispel Undead                  Necromancy                   5
   e - Simulacrum                     Ice/Necromancy               6
 R - a Necronomicon

   Spells                             Type                      Level
   a - Haunt                          Necromancy/Summoning         7
   b - Borgnjor's Revivification      Necromancy                   8
   c - Death's Door                   Charms/Necromancy            8
   d - Infestation                    Necromancy                   8
   e - Necromutation                  Transmutation/Necromancy     8
 V - a book of Unlife

   Spells                             Type                      Level
   a - Recall                         Summoning/Translocation      3
   b - Animate Dead                   Necromancy                   4
   c - Control Undead                 Necromancy                   4
   d - Cigotuvi's Embrace             Necromancy                   5
   e - Death Channel                  Necromancy                   6
   f - Simulacrum                     Ice/Necromancy               6
Miscellaneous
 k - a lightning rod (3/4)
 L - 3 phantom mirrors
Comestibles
 b - 5 bread rations
 v - 8 fruits
 D - 12 meat rations
 G - 6 royal jellies


   Skills:
 - Level 15.0 Fighting
 + Level 14.9 Armour
 - Level 17.5 Dodging
 - Level 13.6 Stealth
 - Level 16.0 Shields
 - Level 20.0 Unarmed Combat
 + Level 7.4 Spellcasting
 - Level 8.2 Hexes
 - Level 10.7 Charms
 - Level 10.7 Necromancy
 - Level 4.4 Evocations


You had 14 spell levels left.
You knew the following spells:

 Your Spells              Type           Power        Failure   Level  Hunger
a - Confusing Touch       Hex            ####..       1%          1    None
b - Silence               Hex/Air        ###.......   78%         5    #####..
c - Deflect Missiles      Chrm/Air       ###.......   99%         6    #######
d - Dispel Undead         Necr           #####...     9%          5    #####..
e - Vampiric Draining     Necr           #####.....   1%          3    ##.....
f - Regeneration          Chrm/Necr      #####.....   1%          3    ##.....


Dungeon Overview and Level Annotations

Branches:
Dungeon (15/15)            Temple (1/1) D:4            Lair (6/6) D:11
  Swamp (4/4) Lair:4       Spider (4/4) Lair:4        Slime (0/5) Lair:5
    Orc (2/2) D:10            Elf (3/3) Orc:2        Vaults (4/5) D:14
  Crypt (3/3) Vaults:2       Tomb (2/3) Crypt:3      Depths (1/5) D:15

Altars:
Ashenzari
Cheibriados
Dithmenos
Elyvilon
Fedhas
Gozag
Hepliaklqana
Kikubaaqudgha
Makhleb
Nemelex Xobeh
Okawaru
Qazlal
Ru
Sif Muna
Trog
Uskayaw
Vehumet
Wu Jian
Xom
Yredelemnul
Zin
The Shining One
Beogh
Jiyva

Shops:
D:5 *[=[*:   D:7 *   D:8 [*(*   D:9 *   D:11 =   D:12 *   Orc:2 (*==(
Vaults:1 =

Annotations:
Elf:3 !vault not cleared, 1 exclusion


Innate Abilities, Weirdness & Mutations

You have claws for hands.
You are completely covered in rugged brown scales. (AC +3, +7% HP)
You are completely attuned to the shadows.
You are completely covered in sharp spines.
Your magical and physical power is slightly enhanced at high health.
You possess an exceptional clarity of mind.
Your mind is acute. (Int +2)
You are somewhat resistant to further mutation.


Message History

The emperor scorpion stings you!
* * * LOW HITPOINT WARNING * * *
You block the emperor scorpion's attack.
The emperor scorpion barely misses you.
The ushabti shakes and rattles.
The vile air hits you!
The vile air hits the ice devil.
Unknown command.
Okay, then.
As you read the scroll of teleportation, it crumbles to dust.
You feel strangely unstable.
You are engulfed in dark miasma.
You are lethally poisoned!
* * * LOW HITPOINT WARNING * * *
x2 You feel very sick.
You block the ice devil's attack.
The greater mummy mumbles some strange words.
The red devil is struck by your spines. The red devil misses you.
The emperor scorpion stings you but does no damage.
The emperor scorpion misses you. The emperor scorpion claws you!
You die...
Kikubaaqudgha rasps: "You have failed me!
Welcome... death!"

# ########
..#M.....#
..M43s...#
#M@s..^#
#4.ยง^..#
####8#######
#...
.(..M.8.....
#...
............
#..#
...8..####..
#..#
.........# .
#..####...
.....#
#..s......


You could see 2 greater mummies, 2 emperor scorpions, a mummy priest, 2
ushabtiu, an ice devil, a neqoxec, a red devil and a mummy.

Vanquished Creatures
  An ancient lich (WizLab)
  3 greater mummies (Tomb:1)
  Frederick (Tomb:1)
  A profane servitor (Crypt:3)
  Jory (Vaults:3)
  A bone dragon (Crypt:3)
  2 liches (Crypt:3)
  Arachne (Spider:4)
  Rupert (Lair:4)
  A tentacled monstrosity (Vaults:4)
  Jorgrun (Swamp:2)
  10 sphinxes
  Kirke (D:14)
  10 ancient champions
  Agnes (Spider:1)
  2 thorn hunters
  A shadow dragon (Vaults:4)
  A tengu reaver (Vaults:4)
  An orc warlord (Vaults:4)
  5 deep elf sorcerers
  4 frost giants
  6 revenants
  4 ghost moths
  4 fire giants
  9 vault wardens
  Aizul (Spider:3)
  5 imperial myrmidons (Desolation)
  2 iron dragons (Vaults:4)
  Louise (D:14)
  A deep elf elementalist (Elf:3)
  4 ghouls (Crypt:3)
  A curse skull (Vaults:2)
  7 emperor scorpions
  12 ironheart preservers
  A very ugly thing (Vaults:4)
  A caustic shrike skeleton (Crypt:3)
  3 entropy weavers
  8 stone giants
  2 deep elf demonologists
  12 vampire knights
  A red draconian (Vaults:4)
  A deep elf annihilator (Vaults:4)
  A dire elephant (shapeshifter) (Vaults:3)
  2 spark wasps
  2 ettins
  A halazid warlock (Desolation)
  4 eidola
  A purple draconian (Vaults:4)
  Snorg (Lair:3)
  7 ragged hierophants (Desolation)
  10 mummy priests
  18 jiangshi
  4 deep elf death magi
  2 fire dragons
  A great orb of eyes (Vaults:1)
  4 rakshasas
  Fannar (Lair:3)
  Erolcha (Orc:1)
  11 yaktaur captains
  Harold (Orc:1)
  4 servants of whispers (Desolation)
  3 ice dragons
  5 peacekeepers (Desolation)
  14 vault guards
  29 hydras
  A quicksilver dragon skeleton (Crypt:1)
  5 ghost crabs
  5 centaur warriors
  A catoblepas (D:15)
  6 death knights
  3 death scarabs (Tomb:2)
  13 ogre magi
  A dancing weapon (Crypt:2)
  A tengu warrior (D:15)
  44 two-headed ogres
  3 deep troll shamans
  6 alligators
  Urug (Lair:2)
  2 deep troll earth magi (Vaults:4)
  4 orc high priests
  11 death yaks
  7 vampire magi
  20 deep elf knights
  A soul eater (Crypt:3)
  10 spriggans
  Sonja (Lair:2)
  40 skeletal warriors
  2 hell knights
  3 shadow wraiths
  A golden dragon zombie (Crypt:1)
  4 spriggan druids (Swamp:4)
  A glowing orange brain (Depths:1)
  3 unseen horrors
  4 flayed ghosts
  8 deep trolls
  2 shadow dragon zombies
  6 shambling mangroves
  9 swamp dragons
  17 deep elf archers
  2 golden dragon skeletons (Crypt:3)
  2 harpies (shapeshifter)
  12 phantasmal warriors
  11 wizards
  13 ironbrand convokers
  64 deep elf magi
  18 orc knights
  4 necromancers
  A shadow dragon skeleton (Tomb:2)
  2 fire giant zombies
  23 ugly things
  4 orc sorcerers
  A mana viper (shapeshifter) (Vaults:4)
  7 frost giant zombies
  23 wolf spiders
  20 orb spiders
  A stone giant zombie (Crypt:3)
  2 manticores
  8 black mambas
  An oklob plant (Lair:3)
  4 cyclopes
  3 guardian serpents
  A sphinx skeleton (Vaults:4)
  3 moths of wrath (Spider:4)
  15 vault sentinels
  An ice statue (IceCv)
  Maurice (D:10)
  A torpor snail (shapeshifter) (Vaults:3)
  A fire giant skeleton (Vaults:4)
  A storm dragon simulacrum (Crypt:2)
  28 spiny frogs
  A molten gargoyle (Desolation)
  A torpor snail (Spider:3)
  Psyche (D:9)
  3 gargoyles
  10 demonic crawlers
  A shock serpent skeleton (Crypt:1)
  6 rime drakes
  A purple draconian zombie (Crypt:3)
  33 yaktaurs
  8 komodo dragons
  A red draconian skeleton (Crypt:2)
  6 freezing wraiths
  A kobold demonologist (D:14)
  2 komodo dragons (shapeshifter)
  A yaktaur (shapeshifter) (Vaults:4)
  20 guardian mummies
  A queen bee (Lair:4)
  33 jumping spiders
  A pale draconian skeleton (Crypt:3)
  5 tengu conjurers
  14 polar bears
  3 meliai (Lair:4)
  9 trolls
  2 tyrant leeches (Swamp:2)
  A meliai (shapeshifter) (Vaults:2)
  43 saltlings
  33 hornets
  10 blink frogs
  A raiju (Crypt:2)
  A tarantella zombie (Crypt:2)
  4 dream sheep (Lair:6)
  17 hippogriffs
  21 slime creatures
  A frost giant simulacrum (Crypt:2)
  6 bog bodies
  2 ettin zombies
  An alligator skeleton (Crypt:3)
  101 redbacks
  36 flying skulls
  An ice dragon skeleton (Crypt:1)
  5 vampires
  2 spriggans (shapeshifter) (Vaults:4)
  4 air elementals
  3 water elementals
  2 ettin skeletons
  The ghost of Kenran the Firebug, an amateur DEFE (D:4)
  39 tarantellas
  A fire dragon skeleton (Tomb:1)
  A redback (shapeshifter) (Vaults:4)
  2 hogs (D:14)
  11 wraiths
  6 shadows
  20 wyverns
  4 ushabtiu
  A fire elemental (Elf:3)
  17 humans (D:14)
  4 hungry ghosts
  73 yaks
  16 vampire mosquitoes
  Grum (D:9)
  9 basilisks
  Menkaure (D:7)
  3 wargs
  15 swamp worms
  17 insubstantial wisps
  4 two-headed ogre zombies (WizLab)
  An acid dragon (shapeshifter) (D:13)
  8 hell hounds (Crypt:2)
  8 porcupines
  3 acid dragons
  42 water moccasins
  A gelid demonspawn skeleton (Crypt:2)
  A merfolk skeleton (Crypt:2)
  A torturous demonspawn skeleton (Crypt:2)
  18 swamp drakes
  46 orc warriors
  4 sky beasts
  4 ice beasts
  2 eyes of draining
  2 snapping turtle zombies
  5 necrophages
  41 ogres
  3 phantoms (D:9)
  A blink frog zombie (Crypt:3)
  A boggart (shapeshifter) (Vaults:4)
  4 boggarts (Vaults:1)
  26 wolves
  An elf zombie (Vaults:4)
  18 crocodiles
  12 centaurs
  3 big kobolds
  21 bullfrogs
  6 earth elementals
  A wyvern zombie (D:9)
  A cyclops skeleton (Crypt:3)
  5 scorpions
  10 troll zombies (WizLab)
  A spectral wolf (Crypt:2)
  A yak skeleton (Crypt:1)
  29 killer bees
  26 wights
  A howler monkey (D:9)
  4 electric eels
  9 crimson imps
  A centaur zombie (Crypt:2)
  2 bullfrog zombies
  2 quasits
  12 hounds
  A black bear zombie (Crypt:3)
  3 jellies
  3 bullfrog skeletons
  3 human zombies (Crypt:1)
  19 orc priests
  6 centaur skeletons
  2 human skeletons (Crypt:1)
  2 iguanas
  26 orc wizards
  11 worker ants
  7 big kobold zombies (Ossuary)
  4 ogre zombies (WizLab)
  A hound zombie (D:11)
  2 hound skeletons
  18 mummies
  A worker ant zombie (D:9)
  A howler monkey zombie (D:7)
  A steam dragon zombie (Crypt:2)
  An adder (shapeshifter) (Vaults:4)
  A howler monkey skeleton (Crypt:3)
  14 adders
  2 shadow imps
  A halfling zombie (Crypt:1)
  5 worms
  3 dart slugs
  10 leopard geckos
  105 orcs
  4 spectral bats (Ossuary)
  10 bats
  8 giant cockroaches
  5 gnoll zombies (Ossuary)
  10 goblins
  9 hobgoblins
  6 jackals
  A jackal (shapeshifter) (Vaults:4)
  21 kobolds
  9 quokkas
  2 bat simulacra (Ossuary)
  A dart slug zombie (Crypt:1)
  3 frilled lizards
  4 goblin simulacra (Ossuary)
  5 goblin zombies (Ossuary)
  4 hobgoblin zombies (Ossuary)
  A jackal skeleton (Crypt:1)
  3 kobold simulacra (Ossuary)
  9 kobold zombies
  An orc zombie (Ossuary)
  A quokka skeleton (D:5)
  A quokka zombie (D:5)
  8 rats
  3 rat simulacra (Ossuary)
  A river rat skeleton (Crypt:2)
  4 spectral goblins (Ossuary)
  A spectral kobold (Ossuary)
  4 spectral rats (Ossuary)
  A fungus (Lair:6)
  A plant (Lair:6)
2274 creatures vanquished.

Vanquished Creatures (others)
  A deep elf sorcerer (Vaults:4)
  29 dancing weapons
  A skeletal warrior (Tomb:2)
  A ghost moth zombie (Tomb:2)
  A deep elf archer (Elf:2)
  A cyclops (D:15)
  A yaktaur (Depths:1)
  11 flying skulls (Tomb:2)
  4 humans (D:14)
  A fire dragon skeleton (Tomb:2)
  An ogre (Vaults:3)
  A scorpion (D:14)
  An orc wizard (Orc:2)
  A tengu skeleton (Tomb:2)
  A mummy (Tomb:2)
  3 orcs
  2 kobolds (D:14)
  2 briar patches (Swamp:1)
  3 bushes (D:14)
  14 fungi
  21 plants
101 creatures vanquished.

Grand Total: 2375 creatures vanquished

Notes
Turn   | Place    | Note
-------+----------+-------------------------------------------
     0 | D:1      | wazuzu the Demonspawn Monk began the quest for the Orb.
     0 | D:1      | Reached XP level 1. HP: 18/18 MP: 1/1
    52 | D:1      | Gained mutation: You are partially covered in rugged brown scales. (AC +1, +3% HP) [demonic ancestry]
    52 | D:1      | Reached XP level 2. HP: 4/24 MP: 2/2
   325 | D:1      | Reached skill level 3 in Unarmed Combat
   921 | D:1      | Gained mutation: You are slightly more attuned to the shadows. [demonic ancestry]
   921 | D:1      | Reached XP level 3. HP: 29/29 MP: 3/3
  1494 | D:2      | Found a hazy altar of Hepliaklqana.
  1495 | D:2      | Found a shimmering altar of Xom.
  1495 | D:2      | Noticed a hell beast
  1496 | D:2      | Noticed a hell beast
  1496 | D:2      | Noticed a spectral ugly thing
  2119 | D:2      | Reached skill level 4 in Unarmed Combat
  2135 | D:2      | Gained mutation: You are mostly covered in rugged brown scales. (AC +2, +5% HP) [demonic ancestry]
  2135 | D:2      | Reached XP level 4. HP: 29/36 MP: 4/4
  2224 | D:2      | Found a sacrificial altar of Ru.
  2976 | D:3      | Found a shadowy altar of Dithmenos.
  3261 | D:4      | Found a staircase to the Ecumenical Temple.
  3266 | Temple   | Entered the Ecumenical Temple
  3352 | Temple   | Became a worshipper of Gozag Ym Sagoz the Greedy
  3472 | D:4      | Noticed Kenran's ghost (amateur DEFE)
  3580 | D:4      | Noticed a hippogriff
  3585 | D:4      | Noticed an ogre
  3619 | D:4      | Killed a hippogriff
  3619 | D:4      | Reached skill level 6 in Unarmed Combat
  3619 | D:4      | Reached XP level 5. HP: 21/43 MP: 5/5
  3619 | D:4      | Gained mutation: You have sharp fingernails. [demonic ancestry]
  3619 | D:4      | Reached XP level 6. HP: 24/49 MP: 6/6
  3997 | D:3      | You fall through a shaft!
  3997 | D:4      | Found a sparkling altar of Nemelex Xobeh.
  4292 | D:4      | Reached skill level 7 in Unarmed Combat
  4421 | D:4      | Gained mutation: You have very sharp fingernails. [demonic ancestry]
  4421 | D:4      | Reached XP level 7. HP: 36/54 MP: 7/7
  4448 | D:4      | Killed Kenran's ghost
  4575 | D:5      | Entered Level 5 of the Dungeon
  4704 | D:5      | Reached skill level 8 in Unarmed Combat
  4802 | D:5      | Found an ancient bone altar of Kikubaaqudgha.
  5046 | D:5      | Found a sacrificial altar of Ru.
  5144 | D:5      | Gained mutation: You are significantly more attuned to the shadows. [demonic ancestry]
  5144 | D:5      | Reached XP level 8. HP: 60/60 MP: 8/8
  5392 | D:6      | Found an ornate altar of the Wu Jian Council.
  5493 | D:6      | Found a sand-covered staircase.
  5508 | Ossuary  | Entered an ossuary
  6015 | Ossuary  | Reached skill level 5 in Armour
  7270 | D:7      | Noticed Menkaure
  7284 | D:7      | Killed Menkaure
  7346 | D:7      | Found a blossoming altar of Fedhas.
  7356 | D:7      | Found a stormy altar of Qazlal.
  7425 | D:7      | Reached skill level 9 in Unarmed Combat
  7707 | D:7      | Gained mutation: You are partially covered in sharp spines. [demonic ancestry]
  7707 | D:7      | Reached XP level 9. HP: 56/69 MP: 9/9
  7750 | D:7      | Found a basalt altar of Yredelemnul.
  7753 | D:7      | Noticed a profane servitor
  7767 | D:7      | Found a glowing golden altar of the Shining One.
  7770 | D:7      | Noticed an angel
  7980 | D:7      | Found Orunk's Island Escapes.
  8007 | D:7      | Gained mutation: Your spells are a little easier to cast, but a little less powerful. [potion of mutation]
  8007 | D:7      | Gained mutation: Your mind is acute. (Int +2) [potion of mutation]
  8007 | D:7      | Gained mutation: Your flesh is heat resistant. (rF+) [potion of mutation]
  8008 | D:7      | Lost mutation: Your mind is acute. (Int +2) [potion of mutation]
  8008 | D:7      | Lost mutation: Your flesh is heat resistant. (rF+) [potion of mutation]
  8008 | D:7      | Lost mutation: Your spells are a little easier to cast, but a little less powerful. [potion of mutation]
  8008 | D:7      | Gained mutation: You are somewhat resistant to further mutation. [potion of mutation]
  8008 | D:7      | Gained mutation: Your mind is acute. (Int +2) [potion of mutation]
  8008 | D:7      | Gained mutation: You possess an exceptional clarity of mind. [potion of mutation]
  8413 | D:7      | Reached skill level 5 in Fighting
  8531 | D:8      | Found Elalekul's General Store.
  8538 | D:8      | Bought a scroll of magic mapping for 35 gold pieces
  8538 | D:8      | Bought a scroll of blinking for 75 gold pieces
  8557 | D:8      | Found Wuholl's Antique Weapon Emporium.
  8643 | D:8      | Reached skill level 1 in Shields
  8660 | D:8      | Found Lule's Armour Shoppe.
  8668 | D:8      | Bought the +2 cloak of the Thief {+Fog Slay-2 SInv Stlth+} for 241 gold pieces
  8717 | D:8      | Found a snail-covered altar of Cheibriados.
  9041 | D:8      | Found Gis Noss's Assorted Antiques.
  9047 | D:8      | Bought a scroll of teleportation for 84 gold pieces
  9047 | D:8      | Bought a sapphire ring for 140 gold pieces
  9047 | D:8      | Bought a marble ring for 140 gold pieces
  9414 | D:8      | Found a shimmering altar of Xom.
  9414 | D:8      | Found a radiant altar of Vehumet.
  9414 | D:8      | Found a glowing golden altar of the Shining One.
  9418 | D:8      | Found a shimmering altar of Xom.
  9418 | D:8      | Found a snail-covered altar of Cheibriados.
  9418 | D:8      | Found a deep blue altar of Sif Muna.
  9538 | D:9      | Reached skill level 5 in Shields
  9684 | D:9      | Noticed Psyche
  9692 | D:9      | Killed Psyche
  9692 | D:9      | Gained mutation: You are completely attuned to the shadows. [demonic ancestry]
  9692 | D:9      | Reached XP level 10. HP: 71/78 MP: 10/10
  9693 | D:9      | Noticed Grum
  9701 | D:9      | Killed Grum
  9701 | D:9      | Reached skill level 10 in Unarmed Combat
  9708 | D:9      | Noticed a two-headed ogre
  9712 | D:9      | Noticed a two-headed ogre
  9733 | D:9      | Killed a two-headed ogre
  9744 | D:9      | HP: 4/80 [two-headed ogre/giant club (18)]
  9760 | D:9      | Killed a two-headed ogre
 10236 | D:9      | Found Faycwoige's General Store.
 10464 | D:9      | Found a hide-covered altar of Uskayaw.
 10464 | D:9      | Noticed a hand axe
 10466 | D:9      | Noticed a hand axe
 10579 | D:9      | Noticed a six-headed hydra
 10591 | D:9      | Killed a six-headed hydra
 10591 | D:9      | Reached skill level 11 in Unarmed Combat
 10952 | D:10     | Entered Level 10 of the Dungeon
 11021 | D:10     | Noticed a centaur warrior
 11028 | D:10     | Killed a centaur warrior
 11028 | D:10     | Gained mutation: You are mostly covered in sharp spines. [demonic ancestry]
 11028 | D:10     | Reached XP level 11. HP: 80/91 MP: 11/11
 11339 | D:10     | Noticed Maurice
 11354 | D:10     | Killed Maurice
 11366 | D:10     | Noticed a two-headed ogre
 11378 | D:10     | Killed a two-headed ogre
 11891 | D:10     | Found a staircase to the Orcish Mines.
 12089 | D:10     | Noticed a brown ugly thing
 12101 | D:10     | Killed a brown ugly thing
 12454 | D:11     | Noticed a green ugly thing
 12467 | D:11     | Killed a green ugly thing
 12547 | D:11     | Reached skill level 5 in Dodging
 12620 | D:11     | Found a portal to a secret trove of treasure.
 12735 | D:11     | Found a staircase to the Lair.
 12769 | D:11     | Noticed a red ugly thing
 12791 | D:11     | Killed a red ugly thing
 13085 | D:11     | Noticed an unseen horror
 13092 | D:11     | Killed an unseen horror
 13181 | D:11     | Reached skill level 12 in Unarmed Combat
 13394 | Lair:1   | Entered Level 1 of the Lair of Beasts
 13436 | Lair:1   | Found a frozen archway.
 13437 | Lair:1   | Noticed a seven-headed hydra
 13448 | Lair:1   | Killed a seven-headed hydra
 13448 | Lair:1   | Reached XP level 12. HP: 90/101 MP: 12/12
 13455 | IceCv    | Entered an ice cave
 13858 | IceCv    | Reached skill level 10 in Fighting
 13896 | IceCv    | Noticed a death yak
 13898 | IceCv    | Noticed a death yak
 13931 | IceCv    | Killed a death yak
 13964 | IceCv    | Killed a death yak
 14562 | IceCv    | Noticed a death yak
 14597 | IceCv    | Killed a death yak
 14602 | IceCv    | Noticed a frost giant
 14623 | IceCv    | Killed a frost giant
 15342 | Lair:1   | You fall through a shaft!
 15649 | Lair:1   | Reached XP level 13. HP: 104/110 MP: 13/13
 16356 | Lair:2   | Noticed Sonja
 16362 | Lair:2   | Killed Sonja
 16713 | Lair:2   | Noticed Urug
 16727 | Lair:2   | Killed Urug
 16829 | Lair:2   | Reached skill level 10 in Armour
 17750 | Lair:3   | Noticed Snorg
 17764 | Lair:3   | Killed Snorg
 17826 | Lair:3   | Noticed Fannar
 17843 | Lair:3   | Killed Fannar
 18129 | Lair:3   | Reached skill level 10 in Dodging
 18789 | Lair:4   | Noticed Rupert
 18818 | Lair:4   | Killed Rupert
 19171 | Lair:4   | Found a hole to the Spider Nest.
 19304 | Lair:4   | Found a staircase to the Swamp.
 20137 | Lair:4   | Reached XP level 14. HP: 101/116 MP: 14/14
 20338 | Lair:5   | Found a dark tunnel.
 20359 | Volcano  | Entered a volcano
 20803 | Lair:5   | Identified the Almanac of the Viperous Frostbite
 20987 | Lair:5   | Found a staircase to the Slime Pits.
 20988 | Lair:5   | Found a viscous altar of Jiyva.
 21080 | Lair:5   | Reached skill level 13 in Unarmed Combat
 21965 | Lair:6   | Entered Level 6 of the Lair of Beasts
 22469 | Lair:6   | Reached skill level 14 in Unarmed Combat
 23455 | Lair:6   | Reached XP level 15. HP: 75/126 MP: 15/15
 24112 | Lair:6   | Reached skill level 15 in Unarmed Combat
 24999 | Orc:1    | Entered Level 1 of the Orcish Mines
 25093 | Orc:2    | Entered Level 2 of the Orcish Mines
 25636 | Orc:2    | Found a staircase to the Elven Halls.
 25848 | Orc:2    | Paralysed by an orc sorcerer for 3 turns
 26200 | Orc:2    | Found Fuajixys's Weapon Shop.
 26200 | Orc:2    | Found Fiux's Weapon Emporium.
 26220 | Orc:2    | Found Edicwin's Jewellery Emporium.
 26220 | Orc:2    | Found Keejujug's Jewellery Shop.
 26239 | Orc:2    | Upgraded the game from 0.21-a0-91-ga5031da to 0.21-a0-110-g8e1637b
 26384 | Orc:1    | Reached skill level 16 in Unarmed Combat
 26391 | Orc:1    | Noticed Erolcha
 26400 | Orc:1    | Killed Erolcha
 26422 | Orc:1    | Found a roughly hewn altar of Beogh.
 26517 | Orc:1    | Noticed Harold
 26543 | Orc:1    | Killed Harold
 26846 | Orc:2    | Bought an uncursed ring of poison resistance for 280 gold pieces
 27138 | Swamp:1  | Entered Level 1 of the Swamp
 27908 | Swamp:1  | Noticed a thorn hunter
 27932 | Swamp:1  | Killed a thorn hunter
 27932 | Swamp:1  | Reached skill level 17 in Unarmed Combat
 28744 | Swamp:2  | Noticed Jorgrun
 28781 | Swamp:2  | Killed Jorgrun
 29115 | Swamp:2  | Reached XP level 16. HP: 122/133 MP: 16/16
 29939 | Swamp:3  | Reached skill level 18 in Unarmed Combat
 31017 | Swamp:4  | Entered Level 4 of the Swamp
 31240 | Swamp:4  | Noticed a thorn hunter
 31252 | Swamp:4  | Killed a thorn hunter
 31465 | Swamp:4  | Got a decaying rune of Zot
 31693 | Swamp:4  | Identified the Collected Works on Sinister Rituals
 31778 | Swamp:4  | Learned a level 1 spell: Confusing Touch
 31918 | Swamp:4  | Reached skill level 1 in Hexes
 32434 | Spider:1 | Entered Level 1 of the Spider Nest
 32734 | Spider:1 | Noticed Agnes
 32745 | Spider:1 | Killed Agnes
 33306 | Spider:1 | Reached skill level 5 in Hexes
 33437 | Spider:1 | Identified a scroll of acquirement
 33440 | Spider:1 | Got a shimmering turquoise ring
 33442 | Spider:1 | Identified the ring of Plog {rC+ Str+3} (You acquired it on level 1 of the Spider Nest)
 33516 | Spider:2 | Gained mutation: You are completely covered in sharp spines. [demonic ancestry]
 33516 | Spider:2 | Reached XP level 17. HP: 142/142 MP: 17/17
 34971 | Spider:3 | Found a runed door.
 35367 | Spider:3 | Got a bloodstained shield
 35485 | Spider:3 | Noticed Aizul
 35510 | Spider:3 | Killed Aizul
 36227 | Spider:4 | Entered Level 4 of the Spider Nest
 36588 | Spider:4 | Noticed Arachne
 36617 | Spider:4 | Killed Arachne
 36801 | Spider:4 | Reached skill level 15 in Fighting
 37095 | Spider:4 | Identified the +2 shield of the Princess {MR+ Str+3} (You found it on level 3 of the Spider Nest)
 37890 | Spider:4 | Gained mutation: You are completely covered in rugged brown scales. (AC +3, +7% HP) [demonic ancestry]
 37890 | Spider:4 | Reached XP level 18. HP: 139/159 MP: 18/18
 38042 | Spider:4 | Learned a level 5 spell: Silence
 38904 | Spider:4 | Got a gossamer rune of Zot
 39214 | D:11     | You paid a toll of 6 scrolls of blinking to enter a treasure trove
 39215 | Trove    | Entered a treasure trove
 39230 | Trove    | Got a slimy iron ring
 39340 | D:12     | Found Meelehae's General Store.
 40356 | D:13     | Reached skill level 10 in Shields
 41184 | D:14     | Noticed Kirke
 41196 | D:14     | Killed Kirke
 41549 | D:14     | Noticed Louise
 41568 | D:14     | Killed Louise
 42065 | D:14     | Identified the ring of Bobeass {Slay+3 Stlth+} (You found it in a treasure trove)
 42075 | D:14     | Found a gate to the Vaults.
 42333 | D:15     | Entered Level 15 of the Dungeon
 42460 | D:15     | Found a staircase to the Depths.
 43225 | Depths:1 | Entered Level 1 of the Depths
 43713 | Elf:1    | Entered Level 1 of the Elven Halls
 44015 | Elf:1    | Gained mutation: You have claws for hands. [demonic ancestry]
 44015 | Elf:1    | Reached XP level 19. HP: 122/165 MP: 19/19
 45064 | Elf:2    | Found a ruined gateway.
 45070 | Desolati | Entered the Desolation of Salt
 45577 | Desolati | Reached skill level 15 in Shields
 45598 | Desolati | Got a shimmering silver ring
 45604 | Desolati | Identified the Disquisition on Dark Earth
 45613 | Desolati | Got a steaming steel amulet
 45748 | Desolati | Got a bronze plate armour
 45754 | Desolati | Identified Sif Muna's Tome of Warped Boosts
 45770 | Desolati | Learned a level 6 spell: Deflect Missiles
 45776 | Desolati | Learned a level 5 spell: Dispel Undead
 46384 | Elf:2    | Reached XP level 20. HP: 173/173 MP: 19/24
 46827 | Elf:2    | Found a huge runed gate.
 46828 | Elf:2    | Found a huge runed gate.
 46829 | Elf:2    | Found a huge runed gate.
 46830 | Elf:2    | Found a huge runed gate.
 46831 | Elf:2    | Found a huge runed gate.
 48062 | Elf:3    | Entered Level 3 of the Elven Halls
 48114 | Elf:3    | Identified the amulet of Zecisys {+Rage +Fly Str+9 Int-5 Dex+2} (You found it in the Desolation of Salt)
 48152 | Elf:3    | Reached skill level 1 in Evocations
 48211 | Elf:3    | Found a radiant altar of Vehumet.
 48552 | Elf:3    | Gained mutation: Your magical and physical power is slightly enhanced at high health. [demonic ancestry]
 48552 | Elf:3    | Reached XP level 21. HP: 165/179 MP: 25/25
 48698 | Elf:1    | Identified the ring "Semer" {rN++ MP+9 Str+4} (You found it in the Desolation of Salt)
 48959 | Vaults:1 | Entered Level 1 of the Vaults
 49830 | D:5      | Bought an embroidered hat for 252 gold pieces
 49837 | D:5      | Bought the +2 shield "Ufru" {rElec rPois} for 490 gold pieces
 49839 | D:5      | Bought a manual of Stealth for 1104 gold pieces
 49849 | D:5      | Bought a scroll of identify for 50 gold pieces
 49849 | D:5      | Bought a faintly humming scarf for 250 gold pieces
 49859 | D:5      | Identified the scarf of the Equinox {-Cast rPois Int+2 SInv} (You bought it in a shop on level 5 of the Dungeon)
 49883 | D:5      | Bought the amulet of the Four Winds {rN+ MR+++ Clar} for 439 gold pieces
 49903 | D:5      | Fell from the grace of Gozag
 49903 | D:5      | Became a worshipper of Kikubaaqudgha
 50213 | Vaults:1 | Reached skill level 19 in Unarmed Combat
 50675 | Vaults:1 | Found Yqoacw's Jewellery Boutique.
 50740 | Vaults:1 | Got a fine steel ring
 50742 | Vaults:1 | Identified the ring "Opytwusch" {+Inv MR+ Str+2 Dex+3} (You found it on level 1 of the Vaults)
 50804 | Vaults:1 | Got a scorched wooden ring
 50806 | Vaults:1 | Identified the ring of the Greedy {rElec rPois Str-5 Int+4 Dex+4} (You acquired it on level 1 of the Vaults)
 50970 | Vaults:1 | Reached * piety under Kikubaaqudgha
 50970 | Vaults:1 | Identified Kikubaaqudgha's Compendium of Dark Arts (Kikubaaqudgha gifted it to you on level 1 of the Vaults)
 50970 | Vaults:1 | Received a gift from Kikubaaqudgha
 50989 | Vaults:1 | Learned a level 3 spell: Vampiric Draining
 51771 | Vaults:2 | Reached ** piety under Kikubaaqudgha
 51996 | Vaults:2 | Reached skill level 20 in Unarmed Combat
 52089 | Vaults:2 | Reached skill level 5 in Stealth
 52610 | Vaults:2 | Learned a level 3 spell: Regeneration
 52685 | Vaults:2 | Found a staircase to the Crypt.
 53184 | Vaults:2 | Reached *** piety under Kikubaaqudgha
 53184 | Vaults:2 | Identified Kikubaaqudgha's Collected Works on Necromancy (Kikubaaqudgha gifted it to you on level 2 of the Vaults)
 53184 | Vaults:2 | Received a gift from Kikubaaqudgha
 53406 | Vaults:3 | Found a magical portal.
 53411 | WizLab   | Entered Zonguldrok's Shrine
 53645 | WizLab   | Reached skill level 10 in Stealth
 53694 | WizLab   | Reached **** piety under Kikubaaqudgha
 53819 | WizLab   | Noticed an antique lich
 53832 | WizLab   | Killed an antique lich
 53885 | WizLab   | Identified Kogu's Disquisition on Aid and Blows and Bruises
 54342 | Vaults:3 | Reached skill level 1 in Necromancy
 54348 | Vaults:3 | Reached XP level 22. HP: 141/187 MP: 26/26
 54596 | Vaults:3 | Noticed Jory
 54622 | Vaults:3 | Killed Jory
 55634 | Vaults:3 | Reached skill level 5 in Necromancy
 55826 | Vaults:3 | Identified the +8 plate armour of Kleptomania {Int+4 Dex+3} (You found it in the Desolation of Salt)
 55908 | Vaults:3 | Reached ***** piety under Kikubaaqudgha
 56133 | Vaults:3 | Reached skill level 5 in Charms
 57284 | Vaults:4 | Reached skill level 10 in Necromancy
 57899 | Vaults:4 | Reached ****** piety under Kikubaaqudgha
 58012 | Vaults:4 | HP: 6/187 [yaktaur captain/long sword (6)]
 58495 | Vaults:4 | Reached XP level 23. HP: 183/193 MP: 27/27
 58756 | Vaults:4 | Was forgiven by Gozag
 58797 | Vaults:4 | Reached skill level 10 in Charms
 60286 | Crypt:1  | Entered Level 1 of the Crypt
 60516 | Crypt:1  | Reached skill level 15 in Dodging
 62525 | Crypt:2  | Found an ancient bone altar of Kikubaaqudgha.
 62897 | Crypt:3  | Entered Level 3 of the Crypt
 63277 | Crypt:2  | Received a gift from Kikubaaqudgha
 63343 | Crypt:3  | Reached XP level 24. HP: 201/201 MP: 27/27
 63969 | Crypt:3  | Found a basalt altar of Yredelemnul.
 63969 | Crypt:3  | Found an ancient bone altar of Kikubaaqudgha.
 64121 | Crypt:3  | Found a staircase to the Tomb.
 64291 | Tomb:1   | Entered Level 1 of the Tomb of the Ancients
 64582 | Tomb:1   | Reached skill level 5 in Spellcasting
 64890 | Tomb:1   | Noticed a greater mummy
 64892 | Tomb:1   | Noticed a greater mummy
 64923 | Tomb:1   | Noticed a greater mummy
 64931 | Tomb:1   | Killed a greater mummy
 64938 | Tomb:1   | Killed a greater mummy
 64945 | Tomb:1   | Killed a greater mummy
 65130 | Tomb:1   | Noticed Frederick
 65144 | Tomb:1   | Killed Frederick
 65388 | Tomb:2   | Noticed a greater mummy
 65391 | Tomb:2   | Noticed a greater mummy
 65392 | Tomb:2   | Noticed a greater mummy
 65924 | Tomb:2   | HP: 6/199 [ushabti] (12)]
 65924 | Tomb:2   | Slain by an emperor scorpion

Vault maps used:
D:1:      dpeg_arrival_rooms_with_view
D:2:      lemuel_doored_altar, regret_index_temple_of_mockery
D:3:      grunt_dithmenos_smoke_and_mirrors
D:4:      old_standard_altar, minmay_temple_entry_steel_oval, first_bread
D:5:      kiku_gazebo_garden_becter, st_stairs_8,
          nicolae_ru_great_annihilating_truth
D:6:      kennysheep_mini_moat, gup_ossuary_entry_pyramid
D:7:      corexii_shack_village, grunt_temple_overflow_holy_war,
          grunt_temple_overflow_forces_of_nature, nicolae_island_escapes,
          uniq_menkaure
D:8:      nicolae_overflow_crystal_walls, serial_shops, nicolae_shop_trees,
          nicolae_shop_stone, shop, shop, blue_anna_alchemist,
          doesnt_xom_only_xom
D:9:      dancing_weapons_uskayaw, serial_shops, nicolae_shop_statue_plus,
          uniq_psyche, uniq_grum
D:10:     minmay_wavy_crystal, david_orc_4, uniq_maurice
D:11:     erik_lair_island, nicolae_trove_entry_path_of_doom
D:12:     serial_shops, nicolae_shop_statue_plus, hangedman_decor_riveting
D:13:     grunt_ministairs_1
D:14:     grunt_vaults_entry_tiered, serial_park_avenue1, uniq_louise,
          uniq_kirke
D:15:     hangedman_depths_entry_civil_slaughter
Temple:   dpeg_three_leaves_temple
Lair:1:   portal_ice_cave_entry_pillars_1, guppyfry_lair_drakes
Lair:2:   lemuel_reptile_caves, uniq_sonja, uniq_urug
Lair:3:   uniq_fannar, uniq_snorg
Lair:4:   swamp_mist_pool, nicolae_spider_entry_non_spiders, special_room,
          uniq_rupert
Lair:5:   slime_altar_1, enter_volcano_2, grunt_megastairs_4,
          serial_bayou_shore_b
Lair:6:   hangedman_lair_tendril_chambers, guppyfry_lair_end_dragon,
          lemuel_fruit_fields
Swamp:1:  evilmike_swamp_ruin_house_3, infiniplex_staircase_pool_2
Swamp:2:  evilmike_swamp_ruin_rubble_2, uniq_jorgrun
Swamp:3:  evilmike_swamp_ruin_rubble_1
Swamp:4:  swamp, infiniplex_staircase_pool
Spider:1: spiders_nest_hornet_nest, uniq_agnes
Spider:3: cheibrodos_spider_deadly_dance, uniq_aizul
Spider:4: grunt_spider_rune_circles, nicolae_spider_stair_cavern, uniq_arachne
Orc:1:    basic_altar, uniq_harold, uniq_erolcha
Orc:2:    grunt_orc_tribal_feast
Elf:1:    elf_arrival_001, minmay_elf_crystal_hexagon
Elf:2:    portal_desolation_entry_nicolae_nacl
Elf:3:    elf_hall_gauntlet_wide, basic_altar
Vaults:1: vaults_mumra_chevron, v_misc_13, st_spiral_rooms,
          nicolae_vaults_big_ls, vaults_room_pools,
          nicolae_vaults_network_square, grunt_vaults_focal,
          vaults_room_hallway, serial_shops, nicolae_shop_waterfront
Vaults:2: hangedman_vaults_cutoff, grunt_vaults_trifunnel,
          hangedman_vaults_trim, nicolae_vaults_little_squares_4, v_misc_3,
          ontoclasm_vaults_gateway, nicolae_vaults_little_ls,
          nicolae_vaults_diagonal_hallway_8, v_alt_pattern_2, v_misc_3,
          minmay_crypt_entry_simple_round, nicolae_vaults_little_squares_3,
          nicolae_vaults_little_squares_3
Vaults:3: v_pattern_1, ontoclasm_vaults_decontamination, vaults_mumra_lcd,
          hangedman_vaults_capsules, v_misc_33, vaults_mumra_minichess,
          ontoclasm_vaults_twist, vaults_mumra_hex, ontoclasm_vaults_ligature,
          nicolae_vaults_hallways_thing, mu_enter_wizlab_1, uniq_jory
Vaults:4: ontoclasm_vaults_chip, nicolae_vaults_mini_display_case,
          nicolae_vaults_network_periphery, st_greater_box_4,
          hangedman_vaults_corner_blocks, nicolae_vaults_sealed_display,
          hangedman_vaults_nails, v_misc_11, vaults_room_fancy_cross,
          vaults_dpeg_ring, ontoclasm_vaults_shuriken
Crypt:1:  grunt_crypt_arrival_guarded_gate
Crypt:2:  lemuel_vampire_tower
Crypt:3:  lightli_unholy_cathedral, nicolae_tomb_entry_rubble_hallway,
          eino_tiny_chamber
Tomb:1:   uniq_frederick
Depths:1: minmay_misc_feat_cross, pf_hell_entry_tar_spiral,
          minmay_room_of_horrors, minmay_strange_pillars,
          hangedman_corner_corridor, serial_bayou_shore_b, grunt_megastairs_3
Trove:    trove_simple
Ossuary:  ossuary_zaba_two_paths
IceCv:    ice_cave_caverns_03
Volcano:  volcano_pools
WizLab:   wizlab_zonguldrok

Skill      XL: |  1  2  3  4  5  6  7  8  9 10 11 12 13 14 15 16 17 18 19 20 21 22 23 24 |
---------------+-------------------------------------------------------------------------+-----
Dodging        | 3 5 7 11 12 13 17 | 17.5
Unarmed Combat | 3 4 6 7 8 9 11 12 14 17 18 20 | 20.0
Armour         | 3 5 7 8 10 11 12 14 | 14.9
Fighting       | 4 5 8 9 10 12 13 15 | 15.0
Shields        | 6 7 13 15 16 | 16.0
Hexes          | 5 8 |  8.2
Spellcasting   | 2 7 |  7.4
Charms         | 2 3 9 10 | 10.7
Evocations     | 3 4 |  4.4
Stealth        | 12 13 | 13.6
Necromancy     | 1 10 | 10.7

Action                   |  1- 3 |  4- 6 |  7- 9 | 10-12 | 13-15 | 16-18 | 19-21 | 22-24 || total
-------------------------+-------+-------+-------+-------+-------+-------+-------+-------++-------
Melee: Unarmed           |   238 |   217 |   659 |   769 |  1696 |  2145 |  1416 |  2136 ||  9276
       Punch             |     1 |     7 |    11 |       |       |       |       |       ||    19
 Cast: Confusing Touch   |       |       |       |       |       |     1 |       |       ||     1
       Regeneration      |       |       |       |       |       |       |       |    35 ||    35
Invok: Potion Petition   |       |     1 |       |     2 |     1 |     1 |     2 |       ||     7
       Call Merchant     |       |       |       |     1 |     1 |       |     6 |       ||     8
       Receive Necronomi |       |       |       |       |       |       |       |     1 ||     1
Evoke: Lightning rod     |       |       |       |       |     4 |     1 |       |       ||     5
       Wand              |       |       |       |       |     2 |     1 |     1 |     2 ||     6
  Use: Scroll            |       |    12 |    14 |    10 |     6 |    12 |     9 |    22 ||    85
       Potion            |       |       |     8 |     9 |     9 |     8 |     3 |     8 ||    45
 Stab: Sleeping          |     5 |     1 |    20 |    26 |    33 |    36 |    35 |    31 ||   187
       Invisible         |       |       |     1 |     1 |     8 |       |       |       ||    10
       Paralysed         |       |       |     1 |       |       |       |       |       ||     1
       Distracted        |       |       |     3 |     9 |    15 |    32 |    15 |    14 ||    88
       Confused          |       |       |       |       |       |     2 |       |       ||     2
  Eat: Chunk             |     3 |     5 |       |       |       |       |    11 |    19 ||    38
       Fruit             |       |     1 |     5 |    12 |    17 |    11 |     2 |     3 ||    51
       Bread ration      |       |     1 |     3 |     2 |       |     4 |     3 |       ||    13
       Meat ration       |       |       |     1 |       |     3 |     3 |     2 |       ||     9
       Royal jelly       |       |       |       |     2 |     9 |     3 |       |    11 ||    25
Armor: Robe              |    50 |       |       |       |       |       |       |       ||    50
       Pearl dragon scal |    24 |   104 |   268 |   266 |   623 |   690 |   278 |   585 ||  2838
Dodge: Dodged            |   147 |    92 |   221 |   264 |   783 |   905 |   383 |   810 ||  3605
Block: Buckler           |       |       |    36 |   237 |   806 |   811 |       |       ||  1890
       Reflection        |       |       |       |       |     8 |    27 |    22 |       ||    57
       Shield            |       |       |       |       |       |   484 |   873 |  1402 ||  2759
